 Dungeon Crawl Stone Soup version 0.31-a0-233-g139696dc86 (webtiles) character file.

Game seed: 10285980584121556188

107 qw the Shooter (level 4, -2/26 HPs)
             Began as a Gargoyle Hexslinger on July 7, 2023.
             Slain by a gnoll
             ... wielding a +0 spear
              (7 damage)
             ... on level 3 of the Dungeon.
             The game lasted 00:00:47 (1946 turns).

qw the Shooter (Gargoyle Hexslinger)                Turns: 1946, Time: 00:00:48

Health: -2/26      AC:  6    Str: 11    XL:     4   Next: 85%
Magic:  5/5        EV: 11    Int: 14    God:
Gold:   99         SH:  0    Dex: 14    Spells: 4/5 levels left

rFire   . . .        Y - +1 sling
rCold   . . .        (no shield)
rNeg    + . .        b - +0 leather armour
rPois   inf          (no helmet)
rElec   +            (no cloak)
rCorr   .            (no gloves)
SInv    .            (no boots)
Will    .....        (no amulet)
Stlth   +            (no ring)
HPRegen 0.24/turn    (no ring)
MPRegen 0.09/turn

%: no passive effects
@: no status effects
A: sickness immunity, AC +3, negative energy resistance 1, electricity
resistance, torment resistance 1, petrification resistance
a: no special abilities


You were on level 3 of the Dungeon.
You visited 1 branch of the dungeon, and saw 3 of its levels.

You collected 99 gold pieces.


Innate Abilities, Weirdness & Mutations

You are immune to sickness and miasma.
Your stone body is resilient. (AC +3)
You are immune to poison.
You resist negative energy. (rN+)
You are resistant to electric shocks. (rElec)
You are resistant to unholy torment.
You are immune to petrification.


   Skills:
 - Level 2.0 Fighting
 + Level 4.5 Ranged Weapons
 - Level 1.5 Dodging
 - Level 1.0 Spellcasting
 - Level 2.6 Hexes


You had 4 spell levels left.
You knew the following spells:

 Your Spells              Type           Power      Damage    Failure   Level
a - Slow                  Hex            32%        N/A       12%         1

Your spell library contained the following spells:

 Spells                   Type           Power      Damage    Failure   Level
 Inner Flame              Hex/Fire       4%         N/A       52%         3
 Portal Projectile        Hex/Tloc       8%         N/A       52%         3
 Cause Fear               Hex            4%         N/A       75%         4

Inventory:

Hand Weapons
 Y - a +1 sling (weapon)
Armour
 b - a +0 leather armour (worn)
Scrolls
 a - a scroll of enchant armour
 d - a scroll of immolation {unknown}
 k - a scroll of identify
Potions
 c - a potion of attraction {unknown}
 e - a potion of might {unknown}
 f - a potion of cancellation {unknown}
 g - 2 potions of lignification {unknown}
 h - a potion of curing {unknown}
 i - a potion of degeneration {unknown}
 j - a potion of heal wounds {unknown}

Dungeon Overview and Level Annotations

Branches:
Dungeon (3/15)

Altars:


Message History

You shoot a sling bullet.
The sling bullet hits the gnoll but does no damage.
A quokka comes into view.
An endoplasm comes into view.
The quokka moves out of view.
You shoot a sling bullet. The endoplasm quivers.
The sling bullet hits the gnoll.
The gnoll is moderately wounded.
You shoot a sling bullet.
The sling bullet hits the gnoll but does no damage.
The gnoll is moderately wounded.
A worm comes into view.
You shoot a sling bullet.
The sling bullet hits the gnoll but does no damage.
The gnoll is moderately wounded.
The gnoll hits you from afar with a +0 spear.
You shoot a sling bullet. The sling bullet hits the gnoll.
The gnoll is heavily wounded.
The gnoll hits you but does no damage.
You shoot a sling bullet.
The sling bullet closely misses the gnoll.
The sling bullet hits the quokka but does no damage.
The gnoll barely misses you. The endoplasm hits you.
The gnoll hits you from afar with a +0 spear.
You shoot a sling bullet.
The sling bullet closely misses the quokka.
The quokka bites you but does no damage.
The endoplasm misses you.
The gnoll hits you from afar with a +0 spear.
You shoot a sling bullet.
The sling bullet closely misses the quokka.
The black bear growls angrily.
The quokka bites you. The endoplasm closely misses you.
The gnoll hits you from afar with a +0 spear.
You shoot a sling bullet. The sling bullet hits the quokka.
You kill the quokka!
The endoplasm freezes you.
You are frozen.
The gnoll hits you from afar with a +0 spear!
You die...

.......( .
####.#...# #.##
#.<.^..## ##....
#.#.....# ......
#.#...#.## #..##.
#.#...#..####.....
#.#.......<.......
##)##..##.##....###
#.@.#............>.
#.J.#...##.#...####
#.g.##%.##...%###..
..w..#..##...####..
#.#.#.##.(.....##..#
..#h#..###..##......
..##.##..
#####...... .## ...
##. ####.##
#.......##


You could see a black bear, a worm, a gnoll and an endoplasm.

Vanquished Creatures
  A hound (D:3)
  An adder (D:2)
  A worm (D:3)
  3 dart slugs
  4 ball pythons
  10 bats
  6 endoplasms
  2 giant cockroaches (D:2)
  7 goblins
  7 hobgoblins
  A jackal (D:2)
  2 quokkas
  5 frilled lizards
  6 kobolds
  5 rats
61 creatures vanquished.

Notes
Turn   | Place    | Note
-------+----------+-------------------------------------------
     0 | D:1      | qw the Gargoyle Hexslinger began the quest for the Orb.
     0 | D:1      | Reached XP level 1. HP: 12/12 MP: 2/2
     0 | D:1      | 0 ||| qw: Version: 0.3-a-46-gb1f654a
     0 | D:1      | 0 ||| qw: Game counter: 3060
     0 | D:1      | 0 ||| qw: Melee chars always use a shield: true
     0 | D:1      | 0 ||| qw: God list: Okawaru
     0 | D:1      | 0 ||| qw: Allow faded altars: false
     0 | D:1      | 0 ||| qw: Do Orc after clearing Dungeon:15 true
     0 | D:1      | 0 ||| qw: Do second Lair branch before Depths: true
     0 | D:1      | 0 ||| qw: Lair rune preference: random
     0 | D:1      | 0 ||| qw: Goals: Normal
     0 | D:1      | 0 ||| PLANNING D:1-11
   111 | D:1      | Reached XP level 2. HP: 9/16 MP: 3/3
   204 | D:1      | Reached skill level 3 in Ranged Weapons
   413 | D:1      | Reached XP level 3. HP: 21/21 MP: 4/4
   602 | D:1      | 602 ||| READING scroll labelled AXIFIESKAE.
   603 | D:1      | 603 ||| DROPPING scroll of poison.
  1421 | D:2      | Reached XP level 4. HP: 26/26 MP: 5/5
  1588 | D:2      | 1588 ||| UPGRADING to +0 leather armour.
  1598 | D:2      | 1598 ||| DROPPING +0 robe.
  1599 | D:2      | 1599 ||| READING 2 scrolls labelled RAPREKHLIBIT.
  1600 | D:2      | 1600 ||| READING scroll labelled BESTUM QEGUZOOT.
  1605 | D:2      | 1605 ||| READING scroll labelled CIOXKO KEGISKEU.
  1606 | D:2      | 1606 ||| READING scroll labelled GYIBUM LIES.
  1617 | D:3      | 1617 ||| STAIRDANCE
  1668 | D:3      | 1668 ||| STAIRDANCE
  1675 | D:2      | Reached skill level 4 in Ranged Weapons
  1937 | D:3      | Noticed a black bear
  1946 | D:3      | HP: 5/26 [frozen (3)]
  1946 | D:3      | Slain by a gnoll

Levels and vault maps discovered:
D:1:      sevenhm_arrival_forest_fort_small_4, layout_loops_ring
D:2:      minmay_alternating_diamond, layout_basic, nrook_mini_vaults,
          minmay_misc_feat_enclosed, moated_statue
D:3:      minmay_general_purpose_star, layout_rooms

Skill      XL: |  1  2  3  4 |
---------------+-------------+-----
Ranged Weapons | 3 4 |  4.5
Fighting       | 2 |  2.0
Dodging        | |  1.5
Spellcasting   | |  1.0
Hexes          | |  2.6

Action                     |  1- 3 |  4- 6 || total
---------------------------+-------+-------++-------
   Fire: Sling             |   116 |    76 ||   192
    Use: Scroll            |     1 |     4 ||     5
 Armour: Robe              |    17 |       ||    17
         Leather armour    |       |    25 ||    25
  Dodge: Dodged            |    24 |    39 ||    63

Table legend:
 A = Non-vault XP
 B = Vault XP
 C = Vault XP percentage of total XP
 D = Non-vault monster count
 E = Vault monster count
 F = Vault count percentage of total count
                 A         B        C        D         E       F
            +---------+---------+-------+---------+---------+-------
      Total |     144 |      11 |   7.1 |      55 |       6 |   9.8
            +---------+---------+-------+---------+---------+-------
        D:1 |      37 |       0 |   0.0 |      21 |       0 |   0.0
        D:2 |      46 |       9 |  16.4 |      22 |       5 |  18.5
        D:3 |      61 |       2 |   3.2 |      12 |       1 |   7.7
            +---------+---------+-------+---------+---------+-------
